 Dungeon Crawl Stone Soup version 0.22-a0-570-g58866f5 (webtiles) character file.

37 kae the Insei (level 3, -1/26 HPs)
             Began as a Demonspawn Transmuter on June 30, 2018.
             Slain by a leopard gecko (5 damage)
             ... on level 2 of the Dungeon.
             The game lasted 00:01:06 (1003 turns).

kae the Insei (Demonspawn Transmuter)               Turns: 1003, Time: 00:01:06

Health: -1/26      AC:  3    Str: 10    XL:     3   Next: 23%
Magic:  3/6        EV: 12    Int: 14    God:
Gold:   64         SH:  4    Dex: 14    Spells: 0/6 levels left

rFire    . . .     SeeInvis .     - Unarmed
rCold    . . .     Gourm    .   (no shield)
rNeg     . . .     Faith    .   f - +0 leather armour
rPois    .         Spirit   .   (no helmet)
rElec    .         Reflect  .   (no cloak)
rCorr    .         Harm     .   (no gloves)
MR       .....                  (no boots)
Stlth    +.........             (no amulet)
HPRegen  0.08/turn              (no ring)
MPRegen  0.10/turn              (no ring)

@: appendage (expiring), very slightly contaminated
A: horns 2, large bone plates 1, powered by pain 1
a: End Transformation


You were on level 2 of the Dungeon.
You were hungry.
You had grown temporary horns.
You visited 1 branch of the dungeon, and saw 2 of its levels.

You collected 64 gold pieces.

Inventory:

Missiles
 a - 26 arrows
Armour
 b - a +0 robe
 f - a +0 leather armour (worn)
Scrolls
 c - a scroll of enchant armour {unknown}
 l - a scroll of fog
Potions
 e - a potion of flight {unknown}
 h - a potion of agility
 i - a potion of ambrosia
 k - a potion of lignification {unknown}
 n - a potion of invisibility {unknown}
Comestibles
 d - 4 rations


   Skills:
 + Level 1.5 Fighting
 - Level 1.7 Dodging
 * Level 3.1 Unarmed Combat
 + Level 2.3 Spellcasting
 * Level 2.3 Transmutations


You couldn't memorise any spells.
You knew the following spells:

 Your Spells              Type           Power        Failure   Level  Hunger
a - Beastly Appendage     Tmut           #.....       12%         1    #......
b - Sticks to Snakes      Tmut           #.......     19%         2    ###....
c - Spider Form           Tmut/Pois      #.........   50%         3    ###....

Your spell library contained the following spells:

 Spells                   Type           Power        Failure   Level  Hunger
 Blade Hands              Tmut           #.........   97%         5    ######.
 Ice Form                 Ice/Tmut       #.......     88%         4    #####..


Dungeon Overview and Level Annotations

Branches:
Dungeon (2/15)

Altars:


Innate Abilities, Weirdness & Mutations

You are partially covered in large bone plates. (SH +4)
You sometimes gain a little power by taking damage.
You have a pair of horns on your head.


Message History

The leopard gecko bites you. You block the leopard gecko's attack.
You closely miss the leopard gecko.
The leopard gecko is moderately wounded.
The leopard gecko misses you.
You barely miss the leopard gecko. Your headbutt misses the leopard gecko.
The leopard gecko is lightly wounded.
The leopard gecko bites you.
You hit the leopard gecko.
The leopard gecko is severely wounded.
The leopard gecko bites you.
* * * LOW HITPOINT WARNING * * *
Casting: Beastly Appendage (safe; 12% risk of failure)
Confirm with . or Enter, or press ? or * to list all spells.
You create a snake!
You now have 26 arrows.
The leopard gecko barely misses you.
The ball python barely misses your adder. x2
Your transformation is almost over.
The leopard gecko bites you.
You die...

# ## .# # .! .. #
#. .## # #. .. #
#.#.# # #...
####. #
#)l#...... # #
######@SS.....
#.##.....>.#.####
#............#
....##.#########
((####.# #..#.#
#..#.#######
#..........#
####.#####.#


You could see a leopard gecko, a ball python and a friendly adder.

Vanquished Creatures
  A worm (D:2)
  A dart slug (D:1)
  4 giant cockroaches
  3 goblins
  3 hobgoblins
  4 jackals (D:1)
  8 kobolds (D:1)
  3 bats (D:1)
  A frilled lizard (D:1)
  2 rats (D:1)
30 creatures vanquished.

Notes
Turn   | Place    | Note
-------+----------+-------------------------------------------
     0 | D:1      | kae the Demonspawn Transmuter began the quest for the Orb.
     0 | D:1      | Reached XP level 1. HP: 15/15 MP: 3/3
   139 | D:1      | Gained mutation: You are partially covered in large bone plates. (SH +4) [demonic ancestry]
   139 | D:1      | Reached XP level 2. HP: 9/21 MP: 3/5
   350 | D:1      | Learned a level 2 spell: Sticks to Snakes
   446 | D:1      | Reached skill level 3 in Unarmed Combat
   678 | D:1      | Gained mutation: You sometimes gain a little power by taking damage. [demonic ancestry]
   678 | D:1      | Reached XP level 3. HP: 24/26 MP: 6/6
   976 | D:2      | Learned a level 3 spell: Spider Form
  1003 | D:2      | Slain by a leopard gecko

Vault maps used:
D:1:      matt_arrival_refuge, dk_noncrumbling_4
D:2:      minmay_roachtagon, first_ration, minmay_statues_item

Skill      XL: |  1  2 |
---------------+-------+-----
Transmutations | 2 |  2.3
Unarmed Combat | 3 |  3.1
Fighting       | |  1.5
Dodging        | |  1.7
Spellcasting   | |  2.3

Action                   || total
-------------------------++-------
Melee: Unarmed           ||   109
       Headbutt          ||    10
       Kick              ||    10
       Punch             ||     2
 Cast: Beastly Appendage ||    15
       Sticks to Snakes  ||     1
  Use: Scroll            ||     6
Armor: Leather armour    ||    19
Dodge: Dodged            ||    57
Block: Other             ||    11

Table legend:
 A = Spawn XP
 B = Non-spawn XP
 C = Spawn XP percentage of total XP
 D = Spawn monster count
 E = Non-spawn monster count
 F = Spawn count percentage of total count
 G = Total turns spent on level
                    A         B        C        D         E        F      G
               +---------+---------+-------+---------+---------+-------+---------
         Total |       0 |      54 |   0.0 |       0 |      30 |   0.0 |  1003
               +---------+---------+-------+---------+---------+-------+---------
           D:1 |       0 |      41 |   0.0 |       0 |      25 |   0.0 |   777
           D:2 |       0 |      13 |   0.0 |       0 |       5 |   0.0 |   226
               +---------+---------+-------+---------+---------+-------+---------
